 Dungeon Crawl Stone Soup version 0.23.2-11-gf996548c65 (webtiles) character file.

Game seed: 3157333106057310474

91 Horrz the Conjurer (level 4, 0/33 HPs)
             Began as a Draconian Conjurer on June 5, 2019.
             Slain by an orc priest
             ... wielding a +0 whip
              (6 damage)
             ... on level 2 of the Dungeon.
             The game lasted 00:10:38 (2240 turns).

Horrz the Conjurer (Draconian Conjurer)             Turns: 2240, Time: 00:10:38

Health: 0/33       AC:  5    Str: 11    XL:     4   Next: 34%
Magic:  3/8        EV: 12    Int: 16    God:
Gold:   92         SH:  0    Dex: 11    Spells: 3/9 levels left

rFire    . . .     SeeInvis .   f - +0 club
rCold    . . .     Gourm    .   (no shield)
rNeg     . . .     Faith    .   (armour unavailable)
rPois    .         Spirit   .   (helmet restricted)
rElec    .         Reflect  .   j - scarf {repulsion}
rCorr    .         Harm     .   (no gloves)
MR       .....                  (no boots)
Stlth    ++........             (no amulet)
HPRegen  0.11/turn              (no ring)
MPRegen  0.11/turn              (no ring)

@: repel missiles
A: unfitting armour, cold-blooded, AC +5
a: no special abilities


You were on level 2 of the Dungeon.
You were not hungry.

You visited 1 branch of the dungeon, and saw 3 of its levels.

You collected 92 gold pieces.

Inventory:

Hand Weapons
 f - a +0 club (weapon)
Armour
 j - a scarf of repulsion (worn)
Scrolls
 a - a scroll of amnesia {unknown}
 d - a scroll of blinking {unknown}
 e - 5 scrolls of identify {unknown}
 g - a scroll of immolation {unknown}
 h - a scroll of fog {unknown}
Potions
 i - a potion of mutation {unknown}
 k - a potion of flight {unknown}
 l - a potion of might {unknown}
Comestibles
 b - 3 rations


   Skills:
 + Level 2.4 Dodging
 + Level 2.5 Stealth
 * Level 3.0 Spellcasting
 + Level 4.4 Conjurations


You had 3 spell levels left.
You knew the following spells:

 Your Spells              Type           Power        Failure   Level  Hunger
a - Magic Dart            Conj           ###.         3%          1    #......
b - Searing Ray           Conj           ###...       4%          2    ##.....
c - Dazzling Spray        Conj/Hex       #.....       22%         3    ###....

Your spell library contained the following spells:

 Spells                   Type           Power        Failure   Level  Hunger
 Iskenderun's Mystic Bla  Conj           ###.....     30%         4    #####..
 Force Lance              Conj/Tloc      #.......     58%         4    #####..
 Fulminant Prism          Conj/Hex       #.........   58%         4    #####..


Dungeon Overview and Level Annotations

Branches:
Dungeon (3/15)

Altars:
Dithmenos
Ru


Innate Abilities, Weirdness & Mutations

Your plain brown scales are hard. (AC +5)
You cannot fit into any form of body armour.
You are cold-blooded and may be slowed by cold attacks.


Message History

The orc priest barely misses you. The orc closely misses you.
You climb upwards.
There is a stone staircase leading down here.
Casting: Magic Dart (safe; 3% risk of failure)
Confirm with . or Enter, or press ? or * to list all spells.
Aiming: Magic Dart (safe; 3% risk of failure)
Press: ? - help, Shift-Dir - straight line, f - orc priest
Aim: an orc priest, wielding a +0 whip and wearing a +0 scale mail (moderately wounded)
The magic dart hits the orc priest but does no damage.
The orc priest is moderately wounded.
The orc priest completely misses you.
Casting: Magic Dart (safe; 3% risk of failure)
Confirm with . or Enter, or press ? or * to list all spells.
Aiming: Magic Dart (safe; 3% risk of failure)
Press: ? - help, Shift-Dir - straight line, f/p - orc priest
Aim: an orc priest, wielding a +0 whip and wearing a +0 scale mail (moderately wounded)
The magic dart hits the orc priest.
The orc priest is moderately wounded.
The orc priest hits you with a +0 whip.
You die...

#..........'........
#.#......###........
#.......## ##.......
###.##### ##.....#
#.# ##...## #.#
##'## #.# #.# #.#
#.# #@#########
##.##
#†o.......###...##
#########.##...<.)
#(###....# #.#
##.#.# #.####.#÷#
#.(.......
######.#.# #.#.#


You could see an orc priest.

Vanquished Creatures
  4 gnolls (D:2)
  An ooze (D:1)
  A dart slug (D:1)
  A leopard gecko (D:1)
  An orc (D:3)
  2 giant cockroaches (D:1)
  3 goblins
  6 hobgoblins
  4 jackals (D:1)
  8 bats
  3 frilled lizards
  5 kobolds
  6 rats
45 creatures vanquished.

Notes
Turn   | Place    | Note
-------+----------+-------------------------------------------
     0 | D:1      | Horrz the Draconian Conjurer began the quest for the Orb.
     0 | D:1      | Reached XP level 1. HP: 14/14 MP: 3/3
   158 | D:1      | Reached XP level 2. HP: 13/20 MP: 1/5
  1274 | D:2      | Reached XP level 3. HP: 26/26 MP: 0/6
  1451 | D:2      | Learned a level 2 spell: Searing Ray
  1455 | D:2      | Learned a level 3 spell: Dazzling Spray
  1561 | D:2      | Reached XP level 4. HP: 33/33 MP: 5/8
  1849 | D:2      | Found a sacrificial altar of Ru.
  2024 | D:2      | Found a shadowy altar of Dithmenos.
  2240 | D:2      | Slain by an orc priest

Skill      XL: |  1  2  3  4 |
---------------+-------------+-----
Dodging        | 2 |  2.4
Stealth        | 2 |  2.5
Spellcasting   | 3 |  3.0
Conjurations   | |  4.4

Action                   |  1- 3 |  4- 6 || total
-------------------------+-------+-------++-------
Melee: Unarmed           |    38 |       ||    38
       Tailslap          |     7 |       ||     7
       Club              |    10 |       ||    10
 Cast: Magic Dart        |    69 |    36 ||   105
  Eat: Ration            |     1 |       ||     1
       Chunk             |       |     2 ||     2
Armor: Skin              |    16 |     2 ||    18
Dodge: Dodged            |    40 |     9 ||    49
       Deflected         |       |     1 ||     1
